 Dungeon Crawl Stone Soup version 0.30-b1-2-g02819fbbbe (webtiles) character file.

Game seed: 1262146689311050134

14 Alarkh the Vexing (level 2, 21/21 HPs)
             Began as a Demonspawn Hexslinger on July 7, 2023.
             Got out of the dungeon alive.
             The game lasted 00:00:20 (252 turns).

Alarkh the Vexing (Demonspawn Hexslinger)            Turns: 252, Time: 00:00:20

Health: 21/21      AC:  2    Str: 10    XL:     2   Next: 31%
Magic:  3/3        EV: 12    Int: 14    God:
Gold:   4          SH:  0    Dex: 13    Spells: 2/3 levels left

rFire   . . .        a - +1 sling
rCold   . . .        (no shield)
rNeg    . . .        c - +0 robe
rPois   .            (no helmet)
rElec   .            (no cloak)
rCorr   .            (no gloves)
SInv    .            (no boots)
Will    .....        (no amulet)
Stlth   +            (no ring)
HPRegen 0.23/turn    (no ring)
MPRegen 0.08/turn

%: no passive effects
@: no status effects
A: hooves 1
a: no special abilities


You escaped.
You visited 1 branch of the dungeon, and saw 1 of its levels.

You collected 4 gold pieces.

Inventory:

Hand Weapons
 a - a +1 sling (weapon)
Armour
 c - a +0 robe (worn)
 e - a +0 troll leather armour
Scrolls
 b - a scroll of poison
 d - a scroll of immolation {unknown}


   Skills:
 - Level 1.0 Fighting
 + Level 2.7 Ranged Weapons
 - Level 1.7 Dodging
 - Level 1.0 Spellcasting
 - Level 3.0 Hexes


You had 2 spell levels left.
You knew the following spells:

 Your Spells              Type           Power      Damage    Failure   Level
a - Slow                  Hex            36%        N/A       8%          1

Your spell library contained the following spells:

 Spells                   Type           Power      Damage    Failure   Level
 Inner Flame              Hex/Fire       4%         N/A       38%         3
 Portal Projectile        Hex/Tloc       8%         N/A       38%         3
 Cause Fear               Hex            4%         N/A       58%         4


Dungeon Overview and Level Annotations

Branches:
Dungeon (1/15)

Altars:


Innate Abilities, Weirdness & Mutations

You have large cloven feet.


Message History

You shoot a sling bullet.
The sling bullet barely misses the frilled lizard.
The frilled lizard bites you but does no damage.
You shoot a sling bullet.
The sling bullet closely misses the frilled lizard.
The frilled lizard barely misses you. The frilled lizard closely misses you.
You shoot a sling bullet.
The sling bullet hits the frilled lizard!
You kill the frilled lizard!
You see here a frilled lizard corpse.
You see here a dart slug corpse.
A frilled lizard comes into view.
You can't go up here!
A frilled lizard is nearby!
You shoot a sling bullet.
The sling bullet hits the frilled lizard.
You kill the frilled lizard!
No target in view!
No target in view!
(D) Dungeon
Where to? (Enter - D:1 @ (x,y), ? - help)
A hobgoblin comes into view.
You shoot a sling bullet. The sling bullet hits the hobgoblin.
The hobgoblin shouts!
The hobgoblin is almost dead.
You shoot a sling bullet.
The sling bullet closely misses the hobgoblin.
You shoot a sling bullet. The sling bullet hits the hobgoblin.
You kill the hobgoblin!
(D) Dungeon
Where to? (Enter - D:1 @ (x,y), ? - help)
Things that are here:
a +0 whip; 4 stones; a kobold corpse
There is an open door here.
You see here 4 stones.
You enter the shallow water.
Moving in this stuff is going to be slow.
There is a staircase leading out of the dungeon here.
Are you sure you want to leave the Dungeon?
This will make you lose the game!
You have escaped!

#≈≈≈~~≈~≈≈~≈≈≈#
#≈≈≈~~~~≈~~≈≈≈#
#≈≈≈~~≈~≈~~≈≈≈#
#≈≈≈≈~≈~≈~≈≈≈≈#
#≈≈≈≈~~~~~≈≈≈≈#
#≈≈≈≈~~~~≈≈≈≈≈#
#≈≈≈~~~~~~~≈≈≈#
#≈≈≈~~...~~~≈≈#
#≈~~~..@..~~≈≈#
#≈≈~~~...~~~≈≈#
#≈≈~~~~~~~~≈≈≈#
#≈~≈~≈≈≈~~≈≈≈≈#
#≈≈≈≈≈≈≈≈≈≈≈≈≈#
#≈≈≈≈≈≈≈≈≈≈≈≈≈#
###############


There were no monsters in sight!

Vanquished Creatures
  3 dart slugs (D:1)
  A giant cockroach (D:1)
  2 hobgoblins (D:1)
  2 frilled lizards (D:1)
  A kobold (D:1)
9 creatures vanquished.

Notes
Turn   | Place    | Note
-------+----------+-------------------------------------------
     0 | D:1      | Alarkh the Demonspawn Hexslinger began the quest for the
                  | Orb.
     0 | D:1      | Reached XP level 1. HP: 15/15 MP: 2/2
   155 | D:1      | Discovered your monstrous ancestry.
   155 | D:1      | Gained mutation: You have large cloven feet. [demonic
                  | ancestry]
   155 | D:1      | Reached XP level 2. HP: 21/21 MP: 3/3
   252 | D:$      | Got out of the dungeon alive.

Illustrated notes

Levels and vault maps discovered:
D:1:      zaba_arrival_water, layout_loops_ring,
          chequers_ecumenical_altar_lobes, kennysheep_pointless_box,
          minmay_misc_feat_iff

Skill      XL: |  1 |
---------------+----+-----
Ranged Weapons | 2 |  2.7
Fighting       | |  1.0
Dodging        | |  1.7
Spellcasting   | |  1.0
Hexes          | |  3.0

Action                     || total
---------------------------++-------
   Fire: Sling             ||    27
 Armour: Robe              ||     2
  Dodge: Dodged            ||     6
